 Dungeon Crawl Stone Soup version 0.17-a0-1719-g1afd5a1 (webtiles) character file.

492 kae the Carver (level 6, 0/51 HPs)
             Began as a Minotaur Fighter on Aug 28, 2015.
             Slain by a killer bee (3 damage)
             ... on level 4 of the Dungeon.
             The game lasted 00:04:01 (3448 turns).

kae the Carver (Minotaur Fighter)                   Turns: 3448, Time: 00:04:02

Health: 0/51       AC:  7    Str: 20      XL:     6   Next: 91%
Magic:  5/5        EV:  7    Int:  6 (7)  God:
Gold:   298        SH:  9    Dex: 10      Spells: 0 memorised, 5 levels left

rFire  . . .     SeeInvis .     a - +0 long sword
rCold  . . .     Clarity  .     b - +0 scale mail
rNeg   . . .     SustAt   .     c - +0 shield
rPois  .         Gourm    .     n - +1 hat
rElec  .         Spirit   .     (no cloak)
rCorr  .         Warding  .     (no gloves)
rMut   .         Stasis   .     (no boots)
MR     .....                    (no amulet)
Stlth  ..........               (no ring)
                                (no ring)

@: not resistant to hostile enchantments, extremely unstealthy
A: retaliatory headbutt, horns 2
a: no special abilities


You were on level 4 of the Dungeon.
You were hungry.

You visited 1 branch of the dungeon, and saw 5 of its levels.

You collected 298 gold pieces.

Inventory:

Hand weapons
 a - a +0 long sword (weapon)
Armour
 b - a +0 scale mail (worn)
 c - a +0 shield (worn)
 n - a +1 hat (worn)
Jewellery
 f - a +2 ring of evasion {unknown}
 q - a +4 ring of intelligence {unknown}
 s - an uncursed ring of protection from fire {unknown}
 A - an uncursed ring of positive energy {unknown}
Magical devices
 o - a wand of slowing (6)
 w - a wand of frost (35)
Scrolls
 g - 2 scrolls of recharging {unknown}
 h - a scroll of random uselessness {unknown}
 j - 2 scrolls of fog {unknown}
 k - 5 scrolls of identify {unknown}
 p - a scroll of enchant armour {unknown}
 r - 3 scrolls of remove curse {unknown}
 u - a scroll of amnesia {unknown}
 v - a scroll of teleportation {unknown}
 y - a scroll of immolation {unknown}
Potions
 d - a potion of resistance {unknown}
 i - 2 potions of curing
 t - a potion of brilliance {unknown}
 x - 3 potions of flight {unknown}
Comestibles
 e - 2 bread rations
 l - a meat ration
 m - 2 beef jerkies
 z - 2 chunks of flesh


   Skills:
 - Level 3.6 Fighting
 + Level 9.1 Long Blades
 - Level 3.6 Armour
 - Level 3.6 Shields


You had 5 spell levels left.
You didn't know any spells.

Dungeon Overview and Level Annotations

Branches:
Dungeon (5/15)
 Temple: D:4-7

Altars:
Ashenzari
Cheibriados
Dithmenos
Makhleb
Sif Muna
Yredelemnul

Annotations:
D:4 Grinder


Innate Abilities, Weirdness & Mutations

You reflexively headbutt those who attack you in melee.
You have a pair of horns on your head.


Message History

* * * LOW HITPOINT WARNING * * *
You hear a distant blaring wail to the west.
The killer bee stings you but does no damage.
You hear a croak.
You climb upwards.
Level annotation: Grinder
* * * LOW HITPOINT WARNING * * *
You feel sick.
There is a stone staircase leading down here.
Unknown command.
Unknown command.
Unknown command.
Unknown command.
Unknown command.
Drink which item? (? for menu, Esc to quit)
You feel better. You block the killer bee's attack.
The killer bee barely misses you. The killer bee stings you!
* * * LOW HITPOINT WARNING * * *
The killer bee stings you.
You die...

##..........###....<..## #..###
##....................####..#
#...##.......##........##..##
##.#.##......#.............#
###.....#.............[.....## #
#.....##.#.........#........#####
#...####.#.#[...###.....###......
##..####.#......####..### #......
#.....#.......#y@.##..# ##.....
#...............#y....# #.....
................##....# ####.....
....#.............##..###.#......
..................#.....##.......
#....................#.#.##......
.#...........^.......##..#.......
....#...#............##.##.......
.#..##.##.....#..................


You could see 2 killer bees.

Vanquished Creatures
  Duvessa (D:4)
  A phantom (D:4)
  A giant frog (D:3)
  Dowan (D:4)
  A giant frog zombie (D:5)
  An orc priest (D:3)
  A hound skeleton (D:4)
  3 adders
  An ooze (D:4)
  An adder skeleton (D:4)
  3 worms
  4 orcs
  A giant cockroach (D:4)
  8 goblins
  5 hobgoblins
  6 kobolds
  9 bats
  4 giant geckos
  3 giant newts
  12 jackals
  6 rats
73 creatures vanquished.

Notes
Turn   | Place    | Note
--------------------------------------------------------------
     0 | D:1      | kae the Minotaur Fighter began the quest for the Orb.
     0 | D:1      | Reached XP level 1. HP: 19/19 MP: 0/0
   111 | D:1      | Reached XP level 2. HP: 15/26 MP: 1/1
   604 | D:1      | Reached skill level 4 in Long Blades
   643 | D:2      | Found a faded altar to an unknown god.
   756 | D:2      | Found a shadowy altar of Dithmenos.
   798 | D:2      | Reached XP level 3. HP: 31/31 MP: 2/2
   845 | D:2      | Found a burning altar of Makhleb.
   845 | D:2      | Found a shattered altar of Ashenzari.
   915 | D:2      | Found a basalt altar of Yredelemnul.
  1083 | D:3      | Found a deep blue altar of Sif Muna.
  1140 | D:3      | Reached skill level 5 in Long Blades
  1308 | D:3      | Reached XP level 4. HP: 39/39 MP: 3/3
  1555 | D:3      | Reached skill level 6 in Long Blades
  1716 | D:3      | Noticed a giant frog
  1727 | D:3      | Killed a giant frog
  1727 | D:3      | Reached XP level 5. HP: 26/45 MP: 4/4
  1794 | D:3      | Found a snail-covered altar of Cheibriados.
  1911 | D:4      | Noticed a phantom
  1947 | D:4      | Killed a phantom
  1947 | D:4      | Reached skill level 7 in Long Blades
  1947 | D:4      | Reached XP level 6. HP: 19/51 MP: 5/5
  2048 | D:4      | Noticed Dowan
  2178 | D:4      | Killed Dowan
  2178 | D:4      | Reached skill level 8 in Long Blades
  2472 | D:4      | Noticed Duvessa
  2480 | D:4      | Killed Duvessa
  3246 | D:5      | Entered Level 5 of the Dungeon
  3246 | D:5      | Noticed Grinder
  3250 | D:5      | Paralysed by Grinder for 3 turns
  3419 | D:5      | Reached skill level 9 in Long Blades
  3448 | D:4      | Slain by a killer bee

Vault maps used:
D:1:      dpeg_arrival_rooms_c
D:2:      gammafunk_temple_overflow_pools, grunt_dithmenos_smoke,
          lemuel_coloured_pillars_altar, ecumenical_altar_2
D:3:      nicolae_overflow_crystal_walls, lemuel_crystal_altar,
          wad_floor_pattern_1
D:4:      uniq_duvessa
D:5:      minmay_temple_entry_junction2, first_bread, serial_shops,
          nicolae_shop_trees, lemuel_old_faithful, uniq_menkaure,
          uniq_crazy_yiuf_cottage, uniq_grinder

Action                   |  1- 3 |  4- 6 || total
-------------------------+-------+-------++-------
Melee: Long sword        |   111 |   113 ||   224
  Use: Potion            |       |     7 ||     7
  Eat: Chunk             |     1 |     6 ||     7
       Fruit             |       |     1 ||     1
